 Dungeon Crawl Stone Soup version 0.20-a0-526-g753eaab (webtiles) character file.

18 KristoblXynda the Sneak (level 2, 0/11 HPs)
             Began as a Felid Air Elementalist on Jan 26, 2017.
             Slain by a leopard gecko (5 damage)
             ... on level 1 of the Dungeon.
             The game lasted 00:01:11 (900 turns).

KristoblXynda the Sneak (Felid Air Elementalist)     Turns: 900, Time: 00:01:11

Health: 0/11       AC:  1    Str:  4    XL:     2   Next: 48%
Magic:  1/6        EV: 18    Int: 16    God:
Gold:   38         SH:  0    Dex: 16    Spells: 4/5 levels left
                                        Lives:  0   Deaths: 0

rFire    . . .     SeeInvis +   (weapon unavailable)
rCold    . . .     Gourm    .   (armour unavailable)
rNeg     . . .     Faith    .   (shield unavailable)
rPois    .         Spirit   .   (helmet unavailable)
rElec    .         Reflect  .   (cloak unavailable)
rCorr    .         Harm     .   (gloves unavailable)
MR       .....                  (boots unavailable)
Stlth    +++.......             (no amulet)
Regen    0.1/turn               (no ring)
                                (no ring)

@: quick
A: no armour, no weapons or thrown items, stealth, claws 1, fangs 3, see
invisible, carnivore 3, speed 1, shaggy fur 1, slow metabolism 1, sharp paws
a: no special abilities


You were on level 1 of the Dungeon.
You were not hungry.

You visited 1 branch of the dungeon, and saw 1 of its levels.

You collected 38 gold pieces.

Inventory:

Scrolls
 d - a scroll of identify {unknown}
 e - a scroll of enchant weapon {unknown}
 f - a scroll of teleportation {unknown}
 g - a scroll of remove curse {unknown}
 i - a scroll of fear {unknown}
Potions
 c - a potion of agility {unknown}
 h - a potion of flight {unknown}
Books
 a - a book of Air

   Spells                             Type                      Level
   a - Shock                          Conjuration/Air              1
   b - Swiftness                      Charms/Air                   2
   c - Repel Missiles                 Charms/Air                   2
   d - Static Discharge               Conjuration/Air              3
   e - Lightning Bolt                 Conjuration/Air              5
Comestibles
 b - a meat ration


   Skills:
 - Level 2.6 Dodging
 + Level 3.2 Stealth
 + Level 2.2 Spellcasting
 + Level 1.1 Conjurations
 + Level 3.0 Air Magic


You had 4 spell levels left.
You knew the following spells:

 Your Spells              Type           Power        Failure   Level  Hunger
a - Shock                 Conj/Air       #...         10%         1    #......


Dungeon Overview and Level Annotations

Branches:
Dungeon (1/15)

Altars:


Innate Abilities, Weirdness & Mutations

You cannot wear armour.
You are incapable of wielding weapons or throwing items.
Your paws allow you to move quietly. (Stealth)
You have sharp claws.
You have razor-sharp teeth.
You have supernaturally acute eyesight. (SInv)
You are carnivorous and can eat meat at any time.
You cover ground quickly.
You are covered in fur. (AC +1)
You have a slow metabolism.
Your sharp claws are effective at attacking unaware monsters.


Message History

Found a club.
You see here a kobold corpse.
A kobold comes into view.
Found 15 gold pieces.
A kobold is nearby!
The kobold shouts!
The kobold throws a stone.
The stone completely misses you.
Casting: Shock
Confirm with . or Enter, or press ? or * to list all spells.
Aiming: Shock
Press: ? - help, Shift-Dir - straight line, f - kobold
Aim: a kobold The zap hits the kobold.
The kobold is severely wounded.
The leopard gecko hisses angrily.
The leopard gecko completely misses you.
You see here a stone.
You closely miss the leopard gecko. The leopard gecko bites you.
You barely miss the leopard gecko. The leopard gecko bites you.
You die...

#.. #.. #.. .## #.#
...## ##.## )....#
#...# ......
######...###......
..$......l@.....[. ####
.....###.K........ ....
... #.......... ... .
##........# #
##†.......#
###..........
########...(.†)..... ##
#........#..........
.####.......##[........


You could see a leopard gecko and a kobold.

Vanquished Creatures
  A dart slug (D:1)
  4 goblins (D:1)
  3 hobgoblins (D:1)
  A bat (D:1)
  2 frilled lizards (D:1)
  A kobold (D:1)
  4 rats (D:1)
16 creatures vanquished.

Notes
Turn   | Place    | Note
-------+----------+-------------------------------------------
     0 | D:1      | KristoblXynda the Felid Air Elementalist began the quest for the Orb.
     0 | D:1      | Reached XP level 1. HP: 7/7 MP: 4/4
    43 | D:1      | Reached skill level 1 in Conjurations
   487 | D:1      | Reached XP level 2. HP: 11/11 MP: 6/6
   900 | D:1      | Slain by a leopard gecko

Vault maps used:
D:1:      lemuel_arrival_funnel, minmay_misc_feat_square

Skill      XL: |  1  2 |
---------------+-------+-----
Conjurations   | 1 |  1.1
Stealth        | 3 |  3.2
Air Magic      | 3 |  3.0
Dodging        | |  2.6
Spellcasting   | |  2.2

Action                   || total
-------------------------++-------
Melee: Unarmed           ||    43
       Bite              ||     3
 Cast: Shock             ||    11
 Stab: Sleeping          ||     2
Dodge: Dodged            ||    37
